 Dungeon Crawl Stone Soup version 0.14.2 (webtiles) character file.

227 Amnesiac the Charlatan (level 4, -6/23 HPs)
             Began as a Spriggan Artificer on Feb 10, 2018.
             Was a Follower of Nemelex Xobeh.
             Mangled by an orc
             ... wielding a +0,+0 morningstar
              (16 damage)
             ... on Level 3 of the Dungeon.
             The game lasted 00:04:50 (3601 turns).

Amnesiac the Charlatan (Spriggan Artificer)         Turns: 3601, Time: 00:04:50

HP  -6/23        AC  2     Str  8      XL: 4   Next: 56%
MP  12/12        EV 19     Int 13      God: Nemelex Xobeh [*.....]
Gold 120         SH  0     Dex 16      Spells:  0 memorised,  3 levels left

rFire  . . .     SeeInvis +     a - +0 short sword
rCold  . . .     Clarity  .     e - +0 robe
rNeg   . . .     Conserve .     (shield restricted)
rPois  .         rCorr    .     (helmet restricted)
rElec  .         rRot     .     (no cloak)
SustAb . .       Spirit   .     (gloves unavailable)
rMut   .         Warding  .     (boots unavailable)
Saprov . . .     Stasis   .     (no amulet)
MR     .....                    (no ring)
                                (no ring)

@: very quick, not resistant to hostile enchantments, fairly stealthy
A: unfitting armour, see invisible, herbivore 3, speed 3, slow metabolism 2
a: Draw One, Renounce Religion


You were on level 3 of the Dungeon.
You worshipped Nemelex Xobeh.
Nemelex Xobeh was aware of your devotion.
You were not hungry.

You visited 2 branches of the dungeon, and saw 5 of its levels.

You collected 120 gold pieces.

Inventory:

Hand weapons
 a - a +0,+0 short sword (weapon)
Armour
 e - a +0 robe (worn)
Magical devices
 b - a wand of flame (8)
 c - a wand of enslavement (15)
 d - a wand of random effects (4)
Comestibles
 p - 2 bread rations
 r - an apple
 x - 16 sultanas
Scrolls
 g - 5 scrolls of identify {!r, unknown}
 h - 2 scrolls of remove curse {!r, unknown}
 j - 2 scrolls of immolation {!r, unknown}
 k - a scroll of fear {!r, unknown}
 m - a scroll of enchant weapon II {!r, unknown}
 q - a scroll of teleportation {!r, unknown}
 t - a scroll of amnesia {!r, unknown}
 w - a scroll of noise {!r, unknown}
Potions
 f - a potion of porridge {!q}
 i - a potion of curing {!q, unknown}
 l - a potion of might {!q, unknown}
 o - a potion of brilliance {!q, unknown}
 s - 2 potions of haste {!q, unknown}
 u - a potion of resistance {!q, unknown}
 v - a potion of heal wounds {!q, unknown}
Miscellaneous
 n - a plain deck of summonings


   Skills:
 + Level 1.7 Fighting
 - Level 1.1 Short Blades
 + Level 4.2 Dodging
 - Level 1.5 Stealth
 * Level 6.2 Evocations


You had 3 spell levels left.
You didn't know any spells.

Dungeon Overview and Level Annotations

Branches:
Dungeon (4/15)             Temple (1/1) D:4

Altars:
Cheibriados
Dithmenos
Elyvilon
Fedhas
Nemelex Xobeh
Trog
Vehumet
Xom
Zin
The Shining One


Innate Abilities, Weirdness & Mutations

You are tiny and cannot use many weapons and most armour.
You have supernaturally acute eyesight.
You are a herbivore.
You cover ground extremely quickly.
You need consume almost no food.


Message History

w - Wait here. f - Follow me.
Anything else - Stay silent.
Gang up on whom?
Press: ? - help, Dir - move target cursor, f - orc, p - ball python
Aim: an orc, wielding a trident Attack!
The orc hits your ball python with a trident.
Your ball python is killed!
Evoke which item? (* to show all) (? for menu, Esc to quit)
Zapping:
d - a wand of random effects (9)
Press: ? - help, Shift-Dir - straight line, f/p - orc
Aim: an orc, wielding a trident The bolt of negative energy hits the orc.
The orc is drained!
You kill the orc!
This wand has 8 charges left.
You see here a ball python corpse.
You offer a prayer to Nemelex Xobeh.
The ball python corpse disappears without a glow.
Nemelex Xobeh is aware of your devotion.
You see here a trident.
You offer a prayer to Nemelex Xobeh.
The trident glows slightly and disappears.
Nemelex Xobeh is aware of your devotion.
Things that are here:
a hand axe; a ring mail You offer a prayer to Nemelex Xobeh.
The hand axe glows slightly and disappears.
The ring mail glows slightly and disappears.
Nemelex Xobeh is aware of your devotion.
The orc shouts!
You see here 16 sultanas.
x - 16 sultanas Evoke which item? (* to show all) (? for menu, Esc to quit)
Zapping:
d - a wand of random effects (8)
Press: ? - help, Shift-Dir - straight line, f - orc
Aim: an orc, wielding a war axe The puff of flame misses the orc.
This wand has 7 charges left.
Evoke which item? (* to show all) (? for menu, Esc to quit)
Zapping:
d - a wand of random effects (7)
Press: ? - help, Shift-Dir - straight line, f/p - orc
Aim: an orc, wielding a war axe The orc suddenly stops moving!
This wand has 6 charges left.
Found a stone staircase leading down.
The helpless orc fails to defend itself.
You slash the orc!
The orc is almost dead.
The helpless orc fails to defend itself.
You hit the orc.
You kill the orc!
Evoke which item? (* to show all) (? for menu, Esc to quit)
Zapping:
d - a wand of random effects (6)
Press: ? - help, Shift-Dir - straight line, f - orc
Aim: an orc, wielding a morningstar The orc struggles to resist.
This wand has 5 charges left.
Evoke which item? (* to show all) (? for menu, Esc to quit)
Zapping:
d - a wand of random effects (5)
Press: ? - help, Shift-Dir - straight line, f/p - orc
Aim: an orc, wielding a morningstar The orc seems to speed up.
This wand has 4 charges left.
The orc hits you with a morningstar!
Ouch! That really hurt!
You die...
Your body disappears without a glow.

########## . ###
#####......... ..
............o.o...
...#.#########.###### .
.............# #
#.#.######.##'####
#.#.#.#.##.........###
##.#...)o................
........@.............###
......................##.
.............#.########.
..##..#.#...............
........................
.......#.#..#.########.
.#..#.#.#..#.########.
..>..................
.........#.##.......


You could see an orc.

Vanquished Creatures
  An orc priest (D:3)
  2 adders
  A giant mite (D:3)
  A giant gecko (D:1)
  An ooze (D:1)
  4 orcs (D:3)
  3 ball pythons
  4 giant cockroaches (D:1)
  5 goblins
  5 hobgoblins
  2 jackals (D:3)
  6 kobolds
  9 bats
  4 giant newts
  3 rats (D:1)
51 creatures vanquished.

Notes
Turn   | Place    | Note
--------------------------------------------------------------
     0 | D:1      | Amnesiac, the Spriggan Artificer, began the quest for the Orb.
     0 | D:1      | Reached XP level 1. HP: 9/9 MP: 2/2
   146 | D:1      | Reached skill level 1 in Fighting
   409 | D:1      | Reached XP level 2. HP: 9/14 MP: 5/5
   659 | D:1      | Reached skill level 5 in Evocations
   698 | D:2      | Found a shimmering altar of Xom.
   698 | D:2      | Found a shadowy altar of Dithmenos.
   700 | D:2      | Found a radiant altar of Vehumet.
   943 | D:3      | Reached XP level 3. HP: 12/18 MP: 8/8
  1144 | D:4      | Found a staircase to the Ecumenical Temple.
  1153 | Temple   | Entered the Ecumenical Temple
  1167 | Temple   | Became a worshipper of Nemelex Xobeh the Trickster
  1266 | D:1      | Received a gift from Nemelex Xobeh
  2540 | D:2      | Acquired Nemelex Xobeh's first power
  3221 | D:3      | Reached XP level 4. HP: 11/22 MP: 11/11
  3560 | D:3      | Reached skill level 6 in Evocations
  3601 | D:3      | Mangled by an orc

Action                   |  1- 3 |  4- 6 || total
-------------------------+-------+-------++-------
Melee: Short sword       |   170 |    12 ||   182
Evoke: Wand              |     7 |    11 ||    18
 Stab: Sleeping          |     9 |       ||     9
       Paralysed         |       |     2 ||     2
